 Dungeon Crawl Stone Soup version 0.25-a0-316-gd28d56f9c5 (webtiles) character file.

Game seed: 8401865832021664441, levelgen mode: classic

56 Borgoz the Cudgeler (level 3, -2/22 HPs)
             Began as a Gargoyle Gladiator on Dec 25, 2019.
             Killed from afar by Natasha (5 damage)
             ... with a magic dart
             ... on level 2 of the Dungeon.
             The game lasted 00:00:57 (813 turns).

Borgoz the Cudgeler (Gargoyle Gladiator)             Turns: 813, Time: 00:00:57

Health: -2/22      AC:  9    Str: 17    XL:     3   Next: 97%
Magic:  3/3        EV: 12    Int:  8    God:
Gold:   137        SH:  0    Dex: 12    Spells: 2/2 levels left

rFire    . . .     SeeInvis .   a - +0 flail
rCold    . . .     Gourm    .   (no shield)
rNeg     + . .     Faith    .   h - +0 ring mail
rPois    ∞         Spirit   .   c - +0 helmet
rElec    +         Reflect  .   (no cloak)
rCorr    .         Harm     .   (no gloves)
MR       .....                  (no boots)
Stlth    +.........             (no amulet)
HPRegen  0.07/turn              (no ring)
MPRegen  0.08/turn              (no ring)

@: slowed, very slow
A: negative energy resistance 1, electricity resistance, unbreathing,
petrification resistance, rot immunity, AC +3
a: no special abilities


You were on level 2 of the Dungeon.
You were not hungry.

You visited 1 branch of the dungeon, and saw 2 of its levels.

You collected 137 gold pieces.

Inventory:

Hand Weapons
 a - a +0 flail (weapon)
Missiles
 d - 2 throwing nets (quivered)
Armour
 c - a +0 helmet (worn)
 h - a +0 ring mail (worn)
Jewellery
 i - an uncursed ring of poison resistance {unknown}
Scrolls
 e - 3 scrolls of teleportation {unknown}
 g - a scroll of identify {unknown}
 j - a scroll of enchant weapon {unknown}
Potions
 b - 2 potions of lignification {unknown}
Comestibles
 f - 3 rations


   Skills:
 + Level 2.6 Fighting
 * Level 3.6 Maces & Flails
 - Level 1.7 Throwing
 + Level 1.2 Armour
 * Level 3.0 Dodging


You had 2 spell levels left.
You didn't know any spells.
Your spell library was empty.

Dungeon Overview and Level Annotations

Branches:
Dungeon (2/15)

Altars:

Annotations:
D:2 Natasha


Innate Abilities, Weirdness & Mutations

You are resistant to torment.
Your stone body is resilient. (AC +3)
You are immune to poison.
You resist negative energy. (rN+)
You are resistant to electric shocks. (rElec)
You can survive without breathing.
You are immune to petrification.
You are immune to rotting.


Message History

* * * LOW HITPOINT WARNING * * *
Natasha casts a spell at you. You resist with significant effort.
Natasha struggles against the net.
The hobgoblin barely misses you.
You hit Natasha.
Natasha is heavily wounded.
The hobgoblin hits you but does no damage.
You catch the helpless Natasha completely off-guard!
You hit Natasha.
Natasha is severely wounded.
Natasha struggles against the net.
The hobgoblin hits you but does no damage.
Natasha stares at you and mumbles some strange words.
You feel yourself slow down.
Natasha struggles against the net.
You barely miss Natasha.
Natasha is heavily wounded.
The hobgoblin misses you. x2
Natasha stares at you and mumbles some strange words.
The magic dart hits you.
You die...

#.........#.##.
#...#####.........#.##.
#.......###.....###.##.
#.......# #.....# #.
.......# #.....#
......# #.....+ #....
#.....# #####.gh#
##....# .......@#
#....###. ####....#
###........
##...†###..........
#..................
#..[...............
#.........########.
#.........# ##+########


You could see Natasha (caught) and a hobgoblin.

Vanquished Creatures
  Natasha (D:2)
  An adder (D:2)
  2 dart slugs (D:1)
  A bat (D:2)
  2 giant cockroaches
  3 goblins (D:1)
  2 hobgoblins
  2 ball pythons (D:1)
  4 kobolds
  A rat (D:1)
19 creatures vanquished.

Notes
Turn   | Place    | Note
-------+----------+-------------------------------------------
     0 | D:1      | Borgoz the Gargoyle Gladiator began the quest for the Orb.
     0 | D:1      | Reached XP level 1. HP: 12/12 MP: 1/1
   100 | D:1      | Reached XP level 2. HP: 12/17 MP: 2/2
   629 | D:2      | Noticed Natasha
   636 | D:2      | Killed Natasha
   636 | D:2      | Reached skill level 1 in Armour
   636 | D:2      | Reached XP level 3. HP: 13/22 MP: 3/3
   798 | D:2      | Noticed Natasha
   813 | D:2      | Killed from afar by Natasha

Levels and vault maps discovered:
D:1:      nzn_arrival_depleted_hourglass, layout_rooms
D:2:      layout_basic, uniq_natasha

Skill      XL: |  1  2  3 |
---------------+----------+-----
Armour         | 1 |  1.2
Dodging        | 3 |  3.0
Fighting       | |  2.6
Maces & Flails | |  3.6
Throwing       | |  1.7

Action                   || total
-------------------------++-------
Melee: Flail             ||    61
Throw: Throwing net      ||     1
 Stab: Held in net/web   ||     1
Armor: Ring mail         ||    27
       Leather armour    ||     3
Dodge: Dodged            ||    44

Table legend:
 A = Non-vault XP
 B = Vault XP
 C = Vault XP percentage of total XP
 D = Non-vault monster count
 E = Vault monster count
 F = Vault count percentage of total count
                 A         B        C        D         E       F
            +---------+---------+-------+---------+---------+-------
      Total |      45 |      36 |  44.4 |      18 |       1 |   5.3
            +---------+---------+-------+---------+---------+-------
        D:1 |      21 |       0 |   0.0 |      11 |       0 |   0.0
        D:2 |      24 |      36 |  60.0 |       7 |       1 |  12.5
            +---------+---------+-------+---------+---------+-------
